 Dungeon Crawl Stone Soup version 0.29-a0-1016-g236c7fd91e (webtiles) character file.

Game seed: 8727771022012427764

64 jlumianski the Chopper (level 3, -2/27 HPs)
             Began as a Demonspawn Gladiator on Aug 10, 2022.
             Killed by divine providence
             ... invoked by an orc priest
              (11 damage)
             ... on level 3 of the Dungeon.
             The game lasted 00:04:59 (1375 turns).

jlumianski the Chopper (Demonspawn Gladiator)       Turns: 1375, Time: 00:05:00

Health: -2/27      AC:  6    Str: 14    XL:     3   Next: 91%
Magic:  3/3        EV: 11    Int: 13    God:
Gold:   81         SH:  0    Dex: 14    Spells: 2/2 levels left

rFire   . . .      SeeInvis .   a - +0 war axe
rCold   . . .      Faith    .   (no shield)
rNeg    . . .      Spirit   .   g - +0 ring mail
rPois   +          Reflect  .   c - +0 helmet
rElec   .          Harm     .   (no cloak)
rCorr   .          Rampage  .   (no gloves)
Will    .....                   (no boots)
Stlth   +.........              (no amulet)
HPRegen 0.09/turn               m - ring of poison resistance
MPRegen 0.08/turn               (no ring)

@: no status effects
A: big brain 1, demonic magic 1
a: no special abilities


You were on level 3 of the Dungeon.
You visited 1 branch of the dungeon, and saw 3 of its levels.

You collected 81 gold pieces.

Inventory:

Hand Weapons
 a - a +0 war axe (weapon)
Missiles
 d - 3 throwing nets
 e - a javelin
 h - 6 poisoned darts (quivered)
Armour
 b - a +0 leather armour
 c - a +0 helmet (worn)
 g - a +0 ring mail (worn)
Jewellery
 m - a ring of poison resistance (left hand)
Scrolls
 f - a scroll of torment
 i - a scroll of teleportation
 k - a scroll of fog
 q - a scroll of fear {unknown}
Potions
 l - a potion of curing
 n - 3 potions of heal wounds
 o - a potion of lignification {unknown}
 p - a potion of attraction {unknown}


   Skills:
 + Level 2.2 Fighting
 + Level 3.4 Axes
 + Level 1.9 Throwing
 + Level 0.8 Armour
 + Level 3.3 Dodging
 + Level 0.3 Stealth


You had 2 spell levels left.
You didn't know any spells.
Your spell library was empty.

Dungeon Overview and Level Annotations

Branches:
Dungeon (3/15)

Altars:


Innate Abilities, Weirdness & Mutations

You have an unusually large brain. (Int +2)
Spells you cast may paralyse adjacent enemies.


Message History

The slug dart hits you but does no damage.
The adder bites you but does no damage.
You miss the adder.
The adder is lightly wounded.
You hit the worm. The adder bites you. The worm bites you.
The dart slug launches a dart at you. The slug dart hits you.
You slash the adder!
You kill the adder!
You slash the worm! The worm completely misses you.
You slash the orc!
You kill the orc!
You hit the worm.
You kill the worm!
You slash the dart slug!
The dart slug is almost dead.
An orc comes into view. It is wielding a +0 club.
The dart slug bites you but does no damage.
The orc shouts!
You slash the dart slug!
You kill the dart slug!
You hear a shout! x3
You see here a worm corpse.
You hit the orc but do no damage. The orc hits you but does no damage.
An orc comes into view.
It is wielding a +2 short sword of venom.
The orc hits you with a +0 club.
An orc priest comes into view. It is wielding a +0 war axe.
The orc shouts!
You hit the orc.
The orc is heavily wounded.
You hear a shout!
The orc closely misses you.
You barely miss the orc.
The orc is heavily wounded.
The orc hits you but does no damage.
You slash the orc!
You kill the orc!
The orc priest mumbles some strange prayers to Beogh against you.
Beogh smites you!
You die...

.........
#......##
#....... #
#.....>##.#.##
#.....o......#
#.####.##.#..#
#o# #)#
...####@#
#......†#
#.##..........#
........#..##.#
#.##......... #
#....# .....
#.##.# ####. ..
^.. ### ###


You could see an orc priest and an orc.

Vanquished Creatures
  2 adders
  A worm (D:3)
  3 dart slugs
  3 orcs (D:3)
  An endoplasm (D:1)
  5 giant cockroaches
  2 goblins
  4 hobgoblins (D:1)
  4 ball pythons (D:1)
  A frilled lizard (D:1)
  3 kobolds
  6 rats
35 creatures vanquished.

Notes
Turn   | Place    | Note
-------+----------+-------------------------------------------
     0 | D:1      | jlumianski the Demonspawn Gladiator began the quest for the
                  | Orb.
     0 | D:1      | Reached XP level 1. HP: 16/16 MP: 1/1
   106 | D:1      | Gained mutation: Spells you cast may paralyse adjacent
                  | enemies. [demonic ancestry]
   106 | D:1      | Reached XP level 2. HP: 15/22 MP: 2/2
   716 | D:2      | Gained mutation: You have an unusually large brain. (Int
                  | +2) [demonic ancestry]
   716 | D:2      | Reached XP level 3. HP: 27/27 MP: 3/3
   840 | D:2      | Found a faded altar of an unknown god.
  1263 | D:3      | Noticed an ice beast
  1375 | D:3      | Killed from afar by an orc priest

Illustrated notes

Levels and vault maps discovered:
D:1:      minmay_arrival_five_plusses, layout_rooms, palyth_stone_intersect
D:2:      layout_basic, hellmonk_ecumenical_altar_pennies_from_heaven,
          chequers_hall_statues_wall_a
D:3:      layout_loops_cross, mainiacjoe_overflow_concentric_impassable,
          minmay_vboxes

Skill      XL: |  1  2 |
---------------+-------+-----
Dodging        | 3 |  3.3
Axes           | 3 |  3.4
Fighting       | |  2.2
Throwing       | |  1.9
Armour         | |  0.8
Stealth        | |  0.3

Action                   || total
-------------------------++-------
Melee: War axe           ||   101
Throw: Dart              ||     2
  Use: Scroll            ||     6
Armor: Ring mail         ||    57
Dodge: Dodged            ||    76

Table legend: (Time is in decaauts)
 A = Elapsed time spent in this place.
 B = Non-inter-level travel time spent in this place.
 C = Inter-level travel time spent in this place.
 D = Time resting spent in this place.
 E = Time spent auto-exploring this place.
 F = Levels seen in this place.
 G = Mean time per level.
                   A        B        C        D        E       F      G
               +--------+--------+--------+--------+--------+-----+--------+
         Total |   1413 |   1358 |     55 |      0 |    821 |   3 |  471.0 |
       Dungeon |   1413 |   1358 |     55 |      0 |    821 |   3 |  471.0 |
               +--------+--------+--------+--------+--------+-----+--------+

Top non-repeatable levels by time:
     D:1: 720 daAuts
     D:2: 611 daAuts
     D:3: 81 daAuts
